 Seeded DCSS version 0.27-a0-988-g25969acef8 (webtiles) character file.

Game seed: 20210415 (custom seed)

53 muata the Magician (level 3, -1/25 HPs)
             Began as a Djinni Summoner on Apr 15, 2021.
             Slain by Natasha (6 damage)
             ... on level 2 of the Dungeon.
             The game lasted 00:12:36 (2987 turns).

muata the Magician (Djinni Summoner)                Turns: 2987, Time: 00:12:37

Health: -1/25      AC:  3    Str:  7    XL:     3   Next: 89%
Gold:   77         EV: 12    Int: 17    God:
                   SH:  0    Dex: 13

rFire    + + .     SeeInvis .   (no weapon)
rCold    x . .     Faith    .   (no shield)
rNeg     . . .     Spirit   .   a - +0 robe
rPois    ∞         Reflect  .   (no helmet)
rElec    .         Harm     .   (no cloak)
rCorr    .         Rampage  .   i - +0 pair of gloves
Will     .....                  (boots unavailable)
Stlth    ++........             (no amulet)
HPRegen  0.08/turn              (no ring)
MPRegen  0.00/turn              (no ring)

@: flying
A: fire resistance 2, cold vulnerability 1, float, innate caster, hp casting,
extra vitality 1
a: no special abilities


You were on level 2 of the Dungeon.
You visited 1 branch of the dungeon, and saw 2 of its levels.

You collected 77 gold pieces.

Inventory:

Missiles
 d - 44 stones (quivered)
 e - 14 sling bullets
Armour
 a - a +0 robe (worn)
 i - a +0 pair of gloves (worn)
Jewellery
 g - an amulet of magic regeneration
Scrolls
 c - a scroll of noise {unknown}
 h - a scroll of immolation {unknown}
 j - a scroll of holy word {unknown}
 k - a scroll of teleportation {unknown}
Potions
 b - a potion of lignification {unknown}
 f - a potion of magic {unknown}


   Skills:
 - Level 2.1 Dodging
 - Level 1.5 Stealth
 + Level 4.7 Spellcasting


You couldn't memorise any spells.
You knew the following spells:

 Your Spells              Type           Power      Damage    Failure   Level
a - Summon Small Mammal   Summ           80%        N/A       1%          1
b - Call Imp              Summ           20%        N/A       3%          2
c - Call Canine Familiar  Summ           20%        N/A       6%          3
d - Summon Guardian Gole  Hex/Summ       20%        N/A       6%          3
e - Summon Lightning Spi  Summ/Air       20%        N/A       21%         4
f - Summon Ice Beast      Ice/Summ       20%        N/A       21%         4
g - Foxfire               Conj/Fire      80%        2x1d8     1%          1
Your spell library was empty.

Dungeon Overview and Level Annotations

Branches:
Dungeon (2/15)

Altars:

Annotations:
D:2 Natasha, Robin


Innate Abilities, Weirdness & Mutations

You are immune to poison.
Your flesh is very heat resistant. (rF++)
You are vulnerable to cold. (rC-)
You float through the air rather than walking.
You learn spells naturally, not from books.
Your magical power is your life essence.
You have superior vitality. (+4 HP)


Message History

Throw: 46 stones
Press: ? - help, Q - select action, (/) - cycle Shift-Dir - straight line, f - Natasha
Aim: Natasha, carrying a wand of flame (14) (heavily wounded, ally target, 47% to hit)
Really fire in your guardian golem's direction?
You throw a stone.
The stone hits your guardian golem but does no damage.
Your guardian golem is severely damaged.
Your guardian golem disappears in a puff of smoke!
Natasha wildly gestures.
Natasha glows brightly for a moment.
Natasha zaps a wand.
The puff of flame hits you. You resist.
* * * LOW HITPOINT WARNING * * *
Throw: 45 stones
Press: ? - help, Q - select action, (/) - cycle Shift-Dir - straight line, f/p - Natasha
Aim: Natasha, carrying a wand of flame (13) (heavily wounded, 47% to hit)
You throw a stone. The stone closely misses Natasha.
You hit Natasha but do no damage.
Natasha is heavily wounded.
Natasha mumbles some strange words.
Natasha shimmers violently.
Natasha closely misses you.
You hit Natasha but do no damage.
Natasha is heavily wounded.
Natasha claws you but does no damage.
Sorry, you're not good enough to have a special ability.
Casting: Summon Guardian Golem (quite dangerous; 6% risk of failure)
Confirm with . or Enter, or press ? or * to list all spells.
You conjure some foxfire!
* * * LOW HITPOINT WARNING * * *
Natasha zaps a wand.
The puff of flame misses you. The puff of flame hits your foxfire.
Your foxfire completely resists.
Your foxfire dissipates!
Unknown command.
Casting: Foxfire (safe; 1% risk of failure)
Confirm with . or Enter, or press ? or * to list all spells.
You conjure some foxfire!
* * * LOW HITPOINT WARNING * * *
Natasha claws you.
You die...

#.# #.≈... ### #.#
#.⌠≈.. ...#.# #)≈...
#.#.### #.....
#.....##########.....
#
###.#.>..............
#.
#.####...#######..≈
#g. #v##
###..#######..
#g5####v@#
##>.....##..
#..)g##h# ######....#
gggg.###§§#.# ###..#


gg. ##5#.# #... . #g#.# #.#. #.#(# ##.## #..)##### ###..# ###.....######...##
#.###........### You could see Natasha (ally target).

Vanquished Creatures
  A rat (D:2)
1 creature vanquished.

Vanquished Creatures (collateral kills)
  Natasha (twice) (D:2)
  4 endoplasms
  A giant cockroach (D:1)
  8 goblins
  3 hobgoblins
  3 jackals (D:1)
  2 kobolds (D:2)
  3 quokkas
  5 ball pythons
  2 bats (D:1)
  6 frilled lizards
39 creatures vanquished.

Vanquished Creatures (others)
  2 goblins (D:2)
2 creatures vanquished.

Grand Total: 42 creatures vanquished

Notes
Turn   | Place    | Note
-------+----------+-------------------------------------------
     0 | D:1      | muata the Djinni Summoner began the quest for the Orb.
     0 | D:1      | Reached XP level 1. HP: 15/15 MP: 0/0
   683 | D:1      | Reached XP level 2. HP: 10/21 MP: 0/0
   897 | D:1      | Reached skill level 4 in Spellcasting
  2303 | D:2      | Noticed Natasha
  2311 | D:2      | Killed Natasha
  2312 | D:2      | Reached XP level 3. HP: 19/25 MP: 0/0
  2312 | D:2      | Learned a level 1 spell: Foxfire
  2404 | D:2      | Noticed Natasha
  2424 | D:2      | Killed Natasha
  2903 | D:2      | Noticed Robin
  2908 | D:2      | Noticed Natasha
  2987 | D:2      | Slain by Natasha

Illustrated notes

Levels and vault maps discovered:
D:1:      elethiomel_arrival_shortcut, layout_basic, dk_noncrumbling_3
D:2:      layout_rooms, kennysheep_decorative_pillar, kennysheep_generic_room_6,
          uniq_natasha, uniq_robin

Skill      XL: |  1  2 |
---------------+-------+-----
Spellcasting   | 4 |  4.7
Dodging        | |  2.1
Stealth        | |  1.5

Action                   || total
-------------------------++-------
Melee: Unarmed           ||    21
Throw: Stone             ||     2
 Cast: Summon Small Mamm ||    60
       Call Imp          ||    24
       Summon Guardian G ||     3
       Foxfire           ||     2
Armor: Robe              ||     7
Dodge: Dodged            ||    29

Table legend: (Time is in decaauts)
 A = Elapsed time spent in this place.
 B = Non-inter-level travel time spent in this place.
 C = Inter-level travel time spent in this place.
 D = Time resting spent in this place.
 E = Time spent auto-exploring this place.
 F = Levels seen in this place.
 G = Mean time per level.
                   A        B        C        D        E       F      G
               +--------+--------+--------+--------+--------+-----+--------+
         Total |   2997 |   2971 |     26 |   1116 |   1168 |   2 | 1498.5 |
       Dungeon |   2997 |   2971 |     26 |   1116 |   1168 |   2 | 1498.5 |
               +--------+--------+--------+--------+--------+-----+--------+

Top non-repeatable levels by time:
     D:1: 1976 daAuts
     D:2: 1021 daAuts
